 Dungeon Crawl Stone Soup version 0.27.1-33-g824d729ab1 (webtiles) character file.

Game seed: 6391595100157034504

81202 belegose the Bringer of Law (level 15, -4/142 HPs)
             Began as a Gargoyle Artificer on Dec 23, 2021.
             Was the Champion of Zin.
             Killed by divine providence
             ... invoked by Saint Roka
              (8 damage)
             ... on level 1 of the Orcish Mines.
             The game lasted 02:30:28 (47248 turns).

belegose the Bringer of Law (Gargoyle Artificer)   Turns: 47248, Time: 02:30:28

Health: -4/142     AC: 38    Str: 23    XL:     15   Next: 69%
Magic:  27/27      EV:  5    Int: 17    God:    Zin [******]
Gold:   1481       SH: 12    Dex: 16    Spells: 13/20 levels left

rFire    + . .     SeeInvis .   a - +2 trident (venom)
rCold    + . .     Faith    .   L - +0 kite shield
rNeg     + + .     Spirit   .   Q - +0 gold dragon scales
rPois    ∞         Reflect  .   s - +2 helmet
rElec    +         Harm     .   F - +0 cloak
rCorr    .         Rampage  .   I - +2 pair of gloves
Will     ++++.     Clarity  +   M - +0 pair of boots
Stlth    ..........             K - amulet of the Four Winds {rN+ Will+++ Clar}
HPRegen  0.33/turn              S - +6 ring of strength
MPRegen  0.20/turn              u - +6 ring of dexterity

@: berserking, flying, studying Invocations, very quick
A: sickness immunity, AC +11, big wings, negative energy resistance 1,
electricity resistance, torment resistance 1, petrification resistance
a: Renounce Religion, Recite, Vitalisation, Imprison, Sanctuary, Donate Gold


You were on level 1 of the Orcish Mines.
You worshipped Zin.
Zin was exalted by your worship.
You visited 4 branches of the dungeon, and saw 24 of its levels.
You also visited: Bailey.

You collected 2471 gold pieces.
You spent 787 gold pieces at shops.
You donated 203 gold pieces to Zin.

Inventory:

Hand Weapons
 a - a +2 trident of venom (weapon)
 b - the +5 trident "Boup" {freeze, Fly rC+ Str-2}
   (You took it off a spriggan on level 10 of the Dungeon)

   It freezes those it strikes, dealing additional cold damage.
   It can also slow down cold-blooded creatures.
   Str:       It affects your strength (-2).
   rC:        It protects you from cold.
   Fly:       It grants you flight.
 j - a +1 scimitar of flaming
Missiles
 n - 33 boomerangs (quivered)
 v - 488 bolts
 A - a throwing net
 J - 23 javelins
 N - 5 silver boomerangs
Armour
 s - a +2 helmet (worn)
 x - a +3 scale mail of cold resistance
 F - a +0 cloak (worn)
 I - a +2 pair of gloves (worn)
 L - a +0 kite shield (worn)
 M - a +0 pair of boots (worn)
 Q - +0 gold dragon scales (worn)
Jewellery
 u - a +6 ring of dexterity (right hand)
 K - the amulet of the Four Winds (around neck) {rN+ Will+++ Clar}
   (You bought it in a shop on level 1 of the Dungeon)

   [amulet of nothing]

   rN:        It protects you from negative energy.
   Clar:      It protects you against confusion.
   Will:      It greatly increases your willpower.
 R - a ring of resist corrosion
 S - a +6 ring of strength (left hand)
 W - the ring of False Pretenses {Fire Dex+4}
   (You found it on level 6 of the Dungeon)

   [ring of fire]

   It enhances your fire magic.
   Dex:       It affects your dexterity (+4).
   rF:        It protects you from fire.
   rC:        It makes you vulnerable to cold.
Wands
 c - a wand of flame (35)
 d - a wand of charming (2)
 O - a wand of paralysis (4)
Scrolls
 f - 2 scrolls of blinking
 g - 2 scrolls of fog {unknown}
 l - 3 scrolls of torment {unknown}
 p - 4 scrolls of fear {unknown}
 q - 5 scrolls of immolation
 w - 4 scrolls of teleportation
 C - 4 scrolls of magic mapping
Potions
 e - a potion of haste
 h - 3 potions of ambrosia
 m - 6 potions of heal wounds
 r - 5 potions of magic
 z - 3 potions of cancellation
 D - a potion of berserk rage
 E - a potion of resistance
 H - a potion of might
 V - 6 potions of curing
Miscellaneous
 U - a phantom mirror (inert)


   Skills:
 + Level 11.3 Fighting
 - Level 0.7 Short Blades
 - Level 3.1 Maces & Flails
 + Level 9.0 Polearms
 - Level 7.8 Throwing
 + Level 10.1 Armour
 - Level 4.0 Dodging
 - Level 2.6 Stealth
 + Level 8.5 Shields
 - Level 3.0 Spellcasting
 - Level 6.0 Translocations
 + Level 16.6 Invocations
 - Level 8.7 Evocations


You had 13 spell levels left.
You knew the following spells:

 Your Spells              Type           Power      Damage    Failure   Level
a - Blink                 Tloc           N/A        N/A       97%         2
b - Bolt of Magma         Conj/Fire/Erth 1%         4d4       100%        5

Your spell library contained the following spells:

 Spells                   Type           Power      Damage    Failure   Level
 Lesser Beckoning         Tloc           11%        N/A       99%         3
 Ensorcelled Hibernation  Hex/Ice        4%         N/A       100%        2
 Passwall                 Tmut/Erth      1%         N/A       100%        2
 Slow                     Hex            2%         N/A       100%        2
 Confusing Touch          Hex            2%         N/A       100%        3
 Dazzling Flash           Conj/Hex       4%         N/A       100%        3
 Spider Form              Tmut/Pois      1%         N/A       100%        3
 Summon Guardian Golem    Hex/Summ       2%         N/A       100%        3
 Swiftness                Air            2%         N/A       100%        3
 Iskenderun's Mystic Bla  Conj/Tloc      12%        2d5       100%        4
 Manifold Assault         Tloc           22%        N/A       100%        5
 Yara's Violent Unravell  Hex/Tmut       1%         3d3       100%        5
 Invisibility             Hex            1%         N/A       100%        6
 Shadow Creatures         Summ           N/A        N/A       100%        6
 Starburst                Conj/Fire      1%         6d3       100%        6
 Orb of Destruction       Conj           1%         N/A       100%        7
 Spellforged Servitor     Conj/Summ      1%         N/A       100%        7
 Ignition                 Fire           1%         3d3       100%        8


Dungeon Overview and Level Annotations

Branches:
Dungeon (15/15)            Temple (1/1) D:4            Lair (6/6) D:11
 Shoals (0/4) Lair:2        Snake (0/4) Lair:3        Slime (0/5) Lair:6
    Orc (2/2) D:12            Elf (0/3) Orc:2        Vaults (0/5) D:14
 Depths (0/5) D:15         Bailey (visited)

Altars:
Ashenzari
Cheibriados
Dithmenos
Elyvilon
Fedhas
Gozag
Hepliaklqana
Kikubaaqudgha
Makhleb
Nemelex Xobeh
Okawaru
Qazlal
Ru
Sif Muna
Trog
Uskayaw
Vehumet
Wu Jian
Xom
Yredelemnul
Zin
The Shining One
Beogh
Jiyva

Shops:
D:1 [=   D:5 *   D:9 *   D:10 *?   Orc:2 ?

Portals:
Trove: D:10 (give 6 scrolls of blinking)

Annotations:
Orc:1 Donald, Saint Roka
Orc:2 exclusion: upstairs


Innate Abilities, Weirdness & Mutations

You are immune to sickness and miasma.
Your stone body is resilient. (AC +11)
You are immune to poison.
Your large and strong wings let you fly.
You resist negative energy. (rN+)
You are resistant to electric shocks. (rElec)
You are resistant to unholy torment.
You are immune to petrification.


Message History

Unknown command.
A red film seems to cover your vision as you go berserk!
You feel yourself moving faster!
You feel mighty!
Saint Roka hits you with a +1 halberd of venom!!
* * * LOW HITPOINT WARNING * * *
You puncture Saint Roka!
Saint Roka looks as sick as possible!
Saint Roka is heavily wounded.
You puncture Saint Roka!
Saint Roka looks as sick as possible!
Saint Roka is heavily wounded.
You block Saint Roka's attack.
You puncture Saint Roka!
Saint Roka looks as sick as possible!
Saint Roka is heavily wounded.
Saint Roka hits you but does no damage.
You puncture Saint Roka!
Saint Roka looks as sick as possible!
Saint Roka is severely wounded.
You barely miss Saint Roka.
Saint Roka is severely wounded.
Saint Roka invokes the aid of Beogh against you.
Beogh smites you!
* * * LOW HITPOINT WARNING * * *
You hit Saint Roka but do no damage.
Saint Roka looks as sick as possible!
Saint Roka is severely wounded.
You hit Saint Roka.
Saint Roka looks as sick as possible!
Saint Roka is severely wounded.
Saint Roka hits you with a +1 halberd of venom!
* * * LOW HITPOINT WARNING * * *
You hit Saint Roka.
Saint Roka looks as sick as possible!
Saint Roka is severely wounded.
Saint Roka invokes the aid of Beogh against you.
Beogh smites you!
* * * LOW HITPOINT WARNING * * *
You hit Saint Roka.
Saint Roka looks as sick as possible!
Saint Roka is severely wounded.
Okay, then.
Okay, then.
You hit Saint Roka.
Saint Roka looks as sick as possible!
Saint Roka is severely wounded.
Saint Roka mumbles some strange prayers to Beogh against you.
Beogh smites you!
You die...

...## #..### #.#.#
..### ####...####.<####
....#
##.#.....##.[.[..##
#.)####
##.........#[......##
#...#.##
##....##......###....##
###....#
#....#####....# ##....#
#.....##
##.....##.)...###....##
#....##
##.....[.##.......###
...###
##...@[###......## ...#
###.[o.#####...# ...##
####.....#.#...##
^...###
##........#...#..####
#.....##
##.....#......##.....##
###..#.#
#.....####....####....#
##..####
##....##.......##....##
#....#
##....#...#...#...###
....##
####...###.....#.#


You could see Saint Roka (extremely poisoned).

Vanquished Creatures
  Jorgrun (D:12)
  Gastronok (Lair:3)
  A minotaur (Lair:3)
  The ghost of Rigic the Covert, a journeyman OpFi of Nemelex Xobeh (Lair:4)
  8 hydras
  The ghost of Fractals the Fighter, a journeyman DsGl of Nemelex Xobeh (D:10)
  A catoblepas (D:14)
  5 boulder beetles
  5 two-headed ogres
  5 death yaks
  2 orc high priests
  Urug (Orc:1)
  The ghost of hilljack the Frost Mage, a novice GrIE (D:5)
  6 orc knights
  Pikel (D:7)
  2 lindwurms (Lair:4)
  4 oklob plants (Lair:4)
  4 orc sorcerers
  3 cyclopes
  4 elephants
  A manticore (D:14)
  A merfolk siren (Lair:2)
  3 black mambas
  A torpor snail (Lair:6)
  2 gargoyles
  14 cane toads
  6 rime drakes
  An efreet (D:13)
  10 komodo dragons
  5 trolls
  11 polar bears
  9 blink frogs
  A raiju (Lair:6)
  A meliai zombie (D:11)
  14 slime creatures
  12 dream sheep
  Sigmund (D:5)
  A centaur simulacrum (D:10)
  2 spriggans (D:10)
  33 yaks
  A vampire (D:13)
  A wraith (D:9)
  A wyvern (Lair:5)
  5 basilisks
  2 vampire mosquitoes (D:12)
  8 wargs
  3 nagas
  Edmund (D:5)
  16 hell hounds (Lair:6)
  2 acid dragons
  12 water moccasins
  39 orc warriors
  2 necrophages
  6 ice beasts
  7 ogres
  12 black bears
  A centaur (D:12)
  26 wolves
  2 lemures (D:7)
  11 bullfrogs
  3 scorpions
  A gnoll sergeant (D:10)
  A hornet simulacrum (D:6)
  The ghost of BigCheese the Skirmisher, a weakling DsCK of Xom (D:4)
  4 wights
  2 electric eels (D:5)
  3 howler monkeys
  3 centaur zombies
  2 bullfrog zombies
  2 bullfrog skeletons
  A hound (D:4)
  3 jellies
  15 orc priests
  A gnoll shaman (D:3)
  A centaur skeleton (D:7)
  Terence (D:3)
  5 iguanas (D:5)
  22 orc wizards
  5 hell rats (Lair:5)
  A killer bee zombie (D:9)
  2 bullfrog simulacra (D:6)
  5 adders
  16 gnolls
  A white imp (D:6)
  3 ufetubi
  2 adder skeletons (D:4)
  4 dart slugs
  94 orcs
  3 bats
  6 endoplasms
  A giant cockroach (D:3)
  10 goblins
  7 hobgoblins
  4 jackals (D:4)
  3 quokkas
  5 ball pythons
  2 frilled lizards (D:2)
  4 kobolds
  4 rats
597 creatures vanquished.

Vanquished Creatures (collateral kills)
  A blink frog (Lair:6)
  A spriggan (D:10)
  An orc warrior (Bailey)
  An orc priest (D:6)
  2 orcs
  An endoplasm (D:1)
  A giant cockroach (D:3)
  A rat (D:1)
9 creatures vanquished.

Vanquished Creatures (others)
  A minotaur (D:1)
  A cyclops (D:15)
  An octopode (D:1)
  A merfolk (D:1)
  A wolf (D:10)
  A formicid (D:1)
  A vampire (D:1)
  A shadow (D:9)
  A yak (Lair:6)
  A warg (Lair:6)
  2 orc warriors
  A dwarf (D:1)
  2 tengu (D:1)
  A barachi (D:1)
  A mummy (D:1)
  A gnoll (D:3)
  2 orcs (D:1)
  32 fungi
  65 plants
  5 tentacles (D:1)
122 creatures vanquished.

Grand Total: 728 creatures vanquished

Notes
Turn   | Place    | Note
-------+----------+-------------------------------------------
     0 | D:1      | belegose the Gargoyle Artificer began the quest for the
                  | Orb.
     0 | D:1      | Reached XP level 1. HP: 12/12 MP: 1/1
     0 | D:1      | Noticed a formicid
     0 | D:1      | Noticed a dwarf
     0 | D:1      | Noticed a vampire
     0 | D:1      | Noticed a kraken
     0 | D:1      | Noticed a merfolk
     0 | D:1      | Noticed a tengu
     0 | D:1      | Noticed a tengu
     0 | D:1      | Noticed an octopode
     0 | D:1      | Noticed a minotaur
     0 | D:1      | Noticed a barachi
     2 | D:1      | Killed an octopode
     4 | D:1      | Killed a merfolk
     5 | D:1      | Killed a dwarf
     5 | D:1      | Killed a vampire
     5 | D:1      | Killed a tengu
     6 | D:1      | Killed a tengu
     6 | D:1      | Killed a formicid
     6 | D:1      | Killed a barachi
     9 | D:1      | Killed a minotaur
   188 | D:1      | Found Huess's Antique Armour Boutique.
   371 | D:1      | Reached XP level 2. HP: 10/16 MP: 2/2
  1099 | D:1      | Found Worphelu's Jewellery Boutique.
  1476 | D:1      | Found a faded altar of an unknown god.
  1506 | D:1      | Reached XP level 3. HP: 8/21 MP: 3/3
  1865 | D:2      | You fall into a shaft and drop 2 floors!
  1886 | D:4      | Found a staircase to the Ecumenical Temple.
  2023 | Temple   | Entered the Ecumenical Temple
  2233 | Temple   | Became a worshipper of Zin the Law-Giver
  2993 | D:2      | Reached XP level 4. HP: 14/26 MP: 4/4
  3560 | D:2      | You fall into a shaft and drop 2 floors!
  4229 | D:2      | Reached skill level 1 in Invocations
  4761 | D:2      | Reached XP level 5. HP: 17/31 MP: 5/5
  5623 | D:3      | Reached * piety under Zin
  5672 | D:3      | Noticed Terence
  5696 | D:3      | Killed Terence
  6022 | D:3      | Reached skill level 1 in Maces & Flails
  7074 | D:4      | Found a runed translucent door.
  7074 | D:4      | Noticed BigCheese's ghost (weakling DsCK)
  7143 | D:4      | Learned a level 2 spell: Blink
  7146 | D:4      | Reached skill level 2 in Invocations
  7146 | D:4      | Reached XP level 6. HP: 30/36 MP: 7/7
  7754 | D:5      | Entered Level 5 of the Dungeon
  7787 | D:5      | Found a transporter.
  7789 | D:5      | Found a transporter.
  7819 | D:5      | Found Tapsyrr's Mayhem Merchandise.
  7827 | D:5      | Reached XP level 7. HP: 41/41 MP: 8/8
  8052 | D:4      | Reached skill level 1 in Throwing
  8237 | D:5      | Noticed Edmund
  8317 | D:5      | Reached skill level 3 in Invocations
  8652 | D:5      | Killed Edmund
  8653 | D:5      | Reached XP level 8. HP: 44/48 MP: 10/10
  9005 | D:5      | Noticed Sigmund
  9030 | D:5      | Killed Sigmund
  9031 | D:5      | Reached skill level 1 in Polearms
  9031 | D:5      | Reached skill level 5 in Armour
  9031 | D:5      | Reached skill level 4 in Invocations
  9433 | D:6      | Reached ** piety under Zin
  9452 | D:6      | Got the Handbook of Flamy Conjuration
  9557 | D:6      | Found a runed translucent gate.
  9559 | D:6      | Found a runed translucent gate.
  9560 | D:6      | Found a runed translucent gate.
  9924 | D:5      | Reached skill level 5 in Fighting
 10054 | D:5      | Reached skill level 5 in Evocations
 10620 | D:6      | Reached XP level 9. HP: 54/54 MP: 12/12
 10978 | D:6      | Noticed hilljack's ghost (novice GrIE)
 11569 | D:7      | Reached *** piety under Zin
 11570 | D:7      | Reached skill level 5 in Invocations
 11650 | D:7      | Reached skill level 1 in Translocations
 12388 | D:8      | Noticed Pikel
 12414 | D:7      | Killed Pikel
 12471 | D:8      | Found a sacrificial altar of Ru.
 12473 | D:8      | Found a shadowy altar of Dithmenos.
 12571 | D:8      | Found a basalt altar of Yredelemnul.
 12571 | D:8      | Found a glowing golden altar of the Shining One.
 12904 | D:9      | Found Izxoupri's Gadget Gallery.
 12931 | D:9      | Bought a wand of paralysis (7) for 126 gold pieces
 13094 | D:9      | Reached XP level 10. HP: 32/60 MP: 14/14
 13145 | D:9      | Found a flagged portal.
 13152 | Bailey   | Entered a bailey
 14958 | Bailey   | Reached skill level 6 in Invocations
 15006 | Bailey   | Reached skill level 12 in Invocations
 15006 | Bailey   | Reached XP level 11. HP: 65/65 MP: 14/20
 15041 | Bailey   | Noticed an orc knight
 15093 | Bailey   | Killed an orc knight
 15436 | Bailey   | Identified the +1 scale mail "Exzi" {rF- Str+3 Dex+4}
 15500 | D:9      | Noticed a two-headed ogre
 15522 | D:9      | Killed a two-headed ogre
 15826 | D:9      | Noticed a cyclops
 15857 | D:9      | Killed a cyclops
 16628 | D:10     | Entered Level 10 of the Dungeon
 16703 | D:10     | Found a shimmering blue altar of Sif Muna.
 16747 | D:10     | Reached skill level 5 in Throwing
 16875 | D:10     | Found a runed translucent door.
 16878 | D:10     | Noticed Fractals's ghost (journeyman DsGl)
 16879 | D:10     | Identified the +5 trident "Boup" {freeze, Fly rC+ Str-2}
 16955 | D:10     | Found a white marble altar of Elyvilon.
 17046 | D:10     | Found Xodaenn's Assorted Antiques.
 17105 | D:10     | Reached **** piety under Zin
 17250 | D:10     | Found Vonleud's Magic Scroll Emporium.
 17255 | D:10     | Bought a scroll of identify for 26 gold pieces
 17255 | D:10     | Bought a scroll of noise for 13 gold pieces
 17488 | D:10     | Found a portal to a secret trove of treasure.
 17591 | D:10     | Noticed a two-headed ogre
 17615 | D:10     | Killed a two-headed ogre
 17616 | D:10     | Reached skill level 1 in Dodging
 17982 | D:11     | Noticed a boulder beetle
 17984 | D:11     | Noticed a two-headed ogre
 18175 | D:11     | Noticed a boulder beetle
 18562 | D:11     | Found a staircase to the Lair.
 19223 | D:11     | Killed a boulder beetle
 19224 | D:11     | Reached skill level 5 in Polearms
 19224 | D:11     | Reached XP level 12. HP: 52/72 MP: 21/21
 19371 | D:11     | Killed a boulder beetle
 19595 | D:11     | Killed a two-headed ogre
 20917 | D:12     | Noticed Jorgrun
 20990 | D:12     | Found a staircase to the Orcish Mines.
 21145 | Lair:1   | Entered Level 1 of the Lair of Beasts
 21421 | Lair:1   | Learned a level 5 spell: Bolt of Magma
 21508 | Lair:1   | Noticed a seven-headed hydra
 21522 | Lair:1   | Killed a seven-headed hydra
 21829 | D:11     | Reached skill level 5 in Translocations
 22196 | Lair:1   | Noticed a five-headed hydra
 22214 | Lair:1   | Killed a five-headed hydra
 24254 | Lair:2   | Found a staircase to the Shoals.
 24295 | Lair:2   | Noticed a five-headed hydra
 24308 | Lair:2   | Killed a five-headed hydra
 24322 | Lair:2   | Reached XP level 13. HP: 53/80 MP: 22/22
 25388 | Lair:3   | Noticed Gastronok
 25410 | Lair:3   | Killed Gastronok
 25512 | Lair:3   | Found a staircase to the Snake Pit.
 25968 | Lair:3   | Reached skill level 1 in Spellcasting
 27563 | Lair:3   | Identified a scroll of acquirement
 27563 | Lair:3   | Acquired a manual of Invocations
 27691 | Lair:4   | Found a runed translucent gate.
 27691 | Lair:4   | Found a runed translucent gate.
 27691 | Lair:4   | Found a runed translucent gate.
 29427 | Lair:4   | Noticed a minotaur
 29446 | Lair:4   | Noticed Rigic's ghost (journeyman OpFi)
 31489 | D:1      | Bought the amulet of the Four Winds {rN+ Will+++ Clar} for
                  | 526 gold pieces
 31489 | D:1      | Found the amulet of the Four Winds {rN+ Will+++ Clar}
 31609 | D:7      | Reached ***** piety under Zin
 31881 | Lair:5   | Gained mutation: Your large and strong wings let you fly.
                  | [Gargoyle growth]
 31881 | Lair:5   | Reached XP level 14. HP: 45/87 MP: 23/23
 32127 | Lair:4   | Reached skill level 1 in Shields
 32316 | Lair:5   | Reached skill level 13 in Invocations
 33775 | Lair:6   | Entered Level 6 of the Lair of Beasts
 34278 | Lair:6   | Reached skill level 14 in Invocations
 34849 | Lair:5   | Reached skill level 5 in Shields
 35289 | Lair:6   | Found a viscous altar of Jiyva.
 35289 | Lair:6   | Found a staircase to the Slime Pits.
 36024 | Lair:6   | Reached skill level 15 in Invocations
 36585 | Lair:6   | Reached skill level 10 in Fighting
 38861 | D:4      | Killed BigCheese's ghost
 38982 | D:5      | Killed hilljack's ghost
 39422 | D:6      | Got the ring of False Pretenses {Fire Dex+4}
 39680 | D:10     | Killed Fractals's ghost
 39952 | Lair:3   | Reached XP level 15. HP: 41/93 MP: 26/26
 40286 | Lair:4   | Killed Rigic's ghost
 40551 | D:12     | Killed Jorgrun
 41278 | D:12     | You are sucked into a shaft and drop 3 floors!
 41278 | D:15     | Entered Level 15 of the Dungeon
 41294 | D:15     | Found a staircase to the Depths.
 41294 | D:15     | Noticed a fire giant
 41448 | D:14     | Reached skill level 16 in Invocations
 41667 | D:14     | Found a gate to the Vaults.
 42598 | D:12     | Acquired 735 gold pieces
 42601 | D:12     | Reached ****** piety under Zin
 42850 | Orc:1    | Entered Level 1 of the Orcish Mines
 43833 | Orc:2    | Entered Level 2 of the Orcish Mines
 44279 | Orc:2    | Found Xeast's Magic Scroll Shoppe.
 44992 | Orc:2    | Bought a scroll of identify for 24 gold pieces
 44992 | Orc:2    | Bought a scroll of identify for 24 gold pieces
 44992 | Orc:2    | Bought a scroll of identify for 24 gold pieces
 44992 | Orc:2    | Bought a scroll of identify for 24 gold pieces
 45596 | Orc:2    | Noticed Donald
 46031 | Orc:1    | Reached skill level 10 in Armour
 46281 | Orc:2    | Found a staircase to the Elven Halls.
 46586 | Orc:2    | Noticed Urug
 46754 | Orc:1    | Killed Urug
 47184 | Orc:2    | Noticed Saint Roka
 47246 | Orc:1    | HP: 4/142 [Saint Roka/divine providence (12)]
 47248 | Orc:1    | Killed from afar by Saint Roka

Illustrated notes

Levels and vault maps discovered:
D:1:      nicolae_arrival_kraken_aquarium_a, layout_rooms, serial_shops, shop,
          shop, hellmonk_ecumenical_altar_inner_sanctum, minmay_heptomino_h4
D:2:      layout_basic
D:3:      layout_loops_cross, uniq_terence
D:4:      layout_loops_ring, minmay_temple_entry_junction,
          gammafunk_ghost_grave, dk_vineyard_2, grunt_ministairs_1,
          grunt_decor_one_mirror, chequers_serial_rivers_micro_c
D:5:      gammafunk_steamed_eel, layout_cave_pools, minmay_shop_mayhem,
          uniq_sigmund, uniq_edmund
D:6:      layout_gridville, gammafunk_ghost_icy
D:7:      layout_rooms
D:8:      minmay_bloctagon, layout_loops_cross, mainiacjoe_overflow_alcove_3,
          uniq_pikel
D:9:      layout_cave_pods, special_room [special_room_orc], enter_bailey_5,
          nicolae_shop_gadgets
D:10:     layout_basic, mainiacjoe_overflow_tiny_flanked,
          mainiacjoe_overflow_24_doors, ebering_ghost_funeral_grove,
          trove_entry_hex_spiral, serial_shops, shop,
          nicolae_shop_overgrown_old_shop
D:11:     layout_stronghold, erik_lair_orcish_takeover, serial_column_ruins,
          column_ruins_square_small, column_ruins_grid_2,
          column_ruins_open_tiny, column_ruins_grid_1,
          column_ruins_open_medium_water, column_ruins_grid_4
D:12:     layout_basic, minmay_orc_entry_temple_small, uniq_jorgrun
D:13:     layout_loops_ring
D:14:     layout_roguey, serial_shops, shop_statue, chequers_big_river,
          guppyfry_shop_blood
D:15:     grunt_enter_depths_giant_problem, layout_grid_maze, chequers_garden,
          minivault_20, beargit_hepliaklqana_dungeon_heroes
Temple:   regret_index_temple_sphere_string
Lair:1:   layout_chaotic_city, st_stairs_12, grunt_megastairs_5
Lair:2:   layout_loops_ring, minmay_shoals_entry_lonely_mermaid
Lair:3:   nzn_winding_woodlands_small [nzn_winding_woodlands_5x15_longhouse,
          nzn_winding_woodlands_center_diamonds,
          nzn_winding_woodlands_5x15_garden], layout_small_grid,
          guppyfry_snake_entry_garden, serial_bayou_shore_b, uniq_gastronok
Lair:4:   layout_hall_layers, maelrawn_ghost_gauntlet_escape,
          minmay_lair_oklob_chamber
Lair:5:   layout_hall_layers, grunt_megastairs_1
Lair:6:   hangedman_lair_caniforms_friends, layout_regular_city,
          dpeg_slime_entry_enclosed_altar, grunt_megastairs_2, lemuel_fruit_tree
Orc:1:    layout_diamond_mine
Orc:2:    grunt_orc_cross, layout_caves, serial_shops,
          nicolae_shop_temple_entry_statues_fountains, minmay_orc_temple_c,
          uniq_donald

Skill      XL: |  1  2  3  4  5  6  7  8  9 10 11 12 13 14 15 |
---------------+----------------------------------------------+-----
Evocations     | 3 4 5 6 7 8 |  8.7
Stealth        | 2 |  2.6
Fighting       | 2 3 4 5 6 7 8 9 10 11 | 11.3
Armour         | 3 4 5 6 7 8 9 10 | 10.1
Invocations    | 1 2 3 4 5 12 15 16 | 16.6
Maces & Flails | 1 2 3 |  3.1
Throwing       | 2 3 4 5 6 7 |  7.8
Polearms       | 2 3 5 6 7 8 9 |  9.0
Translocations | 2 4 5 6 |  6.0
Dodging        | 2 3 4 |  4.0
Spellcasting   | 3 |  3.0
Shields        | 7 8 |  8.5
Short Blades   | |  0.7

Action                   |  1- 3 |  4- 6 |  7- 9 | 10-12 | 13-15 || total
-------------------------+-------+-------+-------+-------+-------++-------
Melee: Club              |    16 |       |       |       |       ||    16
       Short sword       |   156 |    50 |       |       |       ||   206
       Flail             |       |   176 |    28 |       |       ||   204
       Mace              |       |       |    45 |       |       ||    45
       Dire flail        |       |       |    57 |       |       ||    57
       Trident           |       |       |   271 |   696 |  2183 ||  3150
 Fire: Hunting sling     |       |    20 |       |     3 |       ||    23
Throw: Dart              |       |     6 |    41 |    24 |    43 ||   114
       Stone             |       |     3 |    19 |     2 |       ||    24
       Boomerang         |       |       |       |    15 |    79 ||    94
       Javelin           |       |       |       |       |    17 ||    17
 Cast: Blink             |       |       |       |     1 |       ||     1
Invok: Recite            |       |       |     2 |    14 |    12 ||    28
Evoke: Wand              |    10 |     2 |     8 |    29 |    47 ||    96
       Phantom mirror    |       |       |       |       |     2 ||     2
  Use: Scroll            |       |       |     6 |     4 |    17 ||    27
       Potion            |       |       |       |     3 |     6 ||     9
 Stab: Sleeping          |     4 |     1 |       |       |       ||     5
       Paralysed         |       |       |     5 |    21 |    14 ||    40
       Confused          |       |       |       |     1 |    20 ||    21
       Distracted        |       |       |       |       |     2 ||     2
       Invisible         |       |       |       |       |     3 ||     3
Armor: Leather armour    |    70 |    59 |       |       |       ||   129
       Scale mail        |       |    77 |   250 |   476 |   196 ||   999
       Gold dragon scale |       |       |       |       |  1256 ||  1256
       Ring mail         |       |       |       |       |     8 ||     8
Dodge: Dodged            |   110 |   164 |   174 |   389 |   455 ||  1292
Block: Other             |       |       |       |       |    20 ||    20
       Kite shield       |       |       |       |       |   935 ||   935
